Cogmind - Beta 11.1 @@@ ROGUE MODE // 2022.05.19 @ 23:12:05 Player: DarkHand117 Result: Destroyed by G-47 Trooper with Particle Gun Performance ------------- Evolutions (0) 0 Regions Visited (1) 200 Robots Destroyed (9) 45 Value Destroyed (197) 197 Prototype IDs (0) 0 Alien Tech Used (0) 0 Bonus (0) 0 TOTAL SCORE: 442 Bonus ------- None Cogmind --------- Core Integrity 0/250 Matter 300/300 Energy 99/100 System Corruption 0% Temperature Cool (9) Movement Core (100) Ox1 Location -10/Materials Parts ------- > --- POWER (1) -------- (None) > --- PROPULSION (2) --- (None) > --- UTILITY (2) ------ Small Storage Unit > --- WEAPON (2) ------- (None) > --- INVENTORY (8) ---- (None) Peak State ------------ > --- POWER ------------ Light Ion Engine > --- PROPULSION ------- Light Treads Light Treads > --- UTILITY ---------- Small Storage Unit Medium Storage Unit > --- WEAPON ----------- Medium Laser Light Assault Rifle > --- INVENTORY -------- Light Ion Engine Small Laser [Rating: 7] Favorites ----------- Power Light Ion Engine Engine Light Ion Engine Propulsion Light Treads Treads Light Treads Utility Small Storage Unit Storage Small Storage Unit Weapon Light Assault Rifle Energy Gun Medium Laser Ballistic Gun Light Assault Rifle Launcher Grenade Launcher Build | -11 -10 ------- Run | Scr Mat Slots Evolved . | . . Power . | . . Propulsion . | . . Utility . | . . Weapon . | . . Parts Attached 14 | 6 8 Power 4 | 1 3 Engine 4 | 1 3 Core . | . . Reactor . | . . Propulsion 2 | 2 . Treads 2 | 2 . Leg . | . . Wheel . | . . Hover . | . . Flight . | . . Utility 4 | 1 3 Device . | . . Storage 4 | 1 3 Processor . | . . Hackware . | . . Protection . | . . Artifact . | . . Weapon 4 | 2 2 Energy Gun 2 | 1 1 Energy Cannon . | . . Ballistic Gun 1 | 1 . Ballistic Cannon . | . . Launcher 1 | . 1 Special Weapon . | . . Impact Weapon . | . . Slashing Weapon . | . . Piercing Weapon . | . . Special Melee Weapon . | . . Unidentified Prototypes . | . . Parts Lost 8 | . 8 Power 2 | . 2 Propulsion 2 | . 2 Utility . | . . Weapon 4 | . 4 Highest Loss Streak 8 | . 8 To Critical Strikes . | . . Average Slot Usage (%) 78 | . 78 Engine 12 | . 12 Treads 25 | . 25 Storage 14 | . 14 Energy Gun 13 | . 13 Ballistic Gun 12 | . 12 Naked Turns . | . . Heaviest Build 21 | 11 21 Greatest Support 3 | 3 3 Greatest Overweight (x) 6 | 3 6 Average Overweight (x) 2 | 2 2 Largest Inventory Capacity 15 | 8 15 Average Capacity 7 | 7 8 Most Carried 4 | 4 4 Average Carried 2 | 1 2 Final Capacity 8 | 8 8 Final Carried 2 | 2 . Class Distribution -------------------- 100% | Mutant Dominant Class ---------------- Mutant | -10/Materials Resources | -11 -10 ----------- Run | Scr Mat Matter Collected 355 | 242 113 Remotely . | . . Salvage Created 288 | . 288 Parts 21 | . 21 Haulers Intercepted . | . . Recyclers Shooed 1 | . 1 Parts Field Recycled . | . . Retrieved Matter . | . . Parts Self-Destructed . | . . Prevented . | . . Kills | -11 -10 ------- Run | Scr Mat Combat Hostiles Destroyed 7 | . 7 Guns 5 | . 5 AOE 2 | . 2 Classes Destroyed 4 | . 4 Builder 1 | . 1 Recycler 1 | . 1 Swarmer 3 | . 3 Grunt 4 | . 4 Best Kill Streak 4 | . 4 Combat Bots Only 3 | . 3 Max Kills in Single Turn 2 | . 2 Gunslinging . | . . Exploded 1 | . 1 Melee . | . . Uniques/NPCs Destroyed . | . . Combat | -11 -10 -------- Run | Scr Mat Damage Taken 991 | . 991 Core 265 | . 265 Absorbed by Shields . | . . Core Remaining (%) 100 | 100 . Volleys Fired 26 | . 26 Largest 2 | . 2 Hottest 70 | . 70 Shots Fired 51 | . 51 Gun 48 | . 48 Cannon . | . . Launcher 3 | . 3 Special . | . . Kinetic 22 | . 22 Thermal 26 | . 26 Explosive 3 | . 3 Electromagnetic . | . . Robot Hit Streak 6 | . 6 Robot Miss Streak 6 | . 6 Penetration Max . | . . Secondary Targets . | . . Shots Hit Robots 25 | . 25 Core Hits 17 | . 17 Critical Kills . | . . Critical Parts Destroyed . | . . Critical Strikes 1 | . 1 Burn 1 | . 1 Melee Attacks . | . . Impact . | . . Slashing . | . . Piercing . | . . Sneak Attacks . | . . Combat Hostiles . | . . Follow-up Attacks . | . . Damage Inflicted 482 | . 482 Guns 281 | . 281 Cannons . | . . Explosions 201 | . 201 Melee . | . . Ramming . | . . Kinetic 120 | . 120 Thermal 161 | . 161 Explosive 201 | . 201 Electromagnetic . | . . Impact . | . . Slashing . | . . Piercing . | . . Highest Corruption . | . . Average Corruption . | . . Corruption Purged . | . . Corruption Blocked . | . . Overload Shots . | . . Overflow Damage 14 | . 14 Projectiles . | . . Explosions 14 | . 14 Melee . | . . Knockbacks . | . . Impact . | . . Kinetic . | . . Secondary . | . . Self-Inflicted Damage 31 | . 31 Shots 2 | . 2 Rammed 1 | . 1 Targets Rammed 1 | . 1 Kicked . | . . Crushed . | . . Highest Temperature 166 | . 166 Average Temperature 62 | . 62 Received Heat Transfer 462 | . 462 Siege Activations . | . . Robots Corrupted . | . . Combat Hostiles . | . . Parts Fried . | . . Impact Corruptions . | . . Robots Melted . | . . Combat Hostiles . | . . Parts Melted . | . . Heat Transferred 543 | . 543 Parts Sabotaged . | . . Parts Stolen . | . . Parts Stripped . | . . Power Chain Reactions . | . . Missiles Intercepted . | . . Alert | -11 -10 ------- Run | Scr Mat Peak Influence 179 | . 179 Initial . | . . Average 25 | . 44 Maximum Alert Level . | . . Low Security (%) 100 | 100 100 Level 1 . | . . Level 2 . | . . Level 3 . | . . Level 4 . | . . Level 5 . | . . High Security . | . . Max Security . | . . Squads Dispatched 1 | . 1 Investigation 1 | . 1 Extermination . | . . Reinforcement . | . . Assault . | . . Garrison . | . . Intercept . | . . Searches Triggered . | . . Construction Impeded . | . . Haulers Reinforced . | . . Active Scanning Responses . | . . Cargo Convoy Interrupts . | . . Stealth | -11 -10 --------- Run | Scr Mat Distress Signals 1 | . 1 Communications Jammed . | . . Distress Signals . | . . Times Spotted 10 | . 10 Peak Tracking Total 6 | . 6 Tactical Retreats . | . . Traps | -11 -10 ------- Run | Scr Mat Traps Triggered 1 | . 1 Indirectly . | . . Trap Hack Attempts . | . . Triggered . | . . Disarmed . | . . Reprogrammed . | . . Reused . | . . Traps Extracted . | . . Installed . | . . Triggered . | . . Machines | -11 -10 ---------- Run | Scr Mat Machines Disabled 2 | . 2 Max in Single Turn 2 | . 2 Machines Sabotaged . | . . Garrisons Compromised . | . . Overloaded Fab Kills . | . . Hacking | -11 -10 --------- Run | Scr Mat Machines Accessed . | . . Terminals . | . . Fabricators . | . . Repair Stations . | . . Recycling Units . | . . Scanalyzers . | . . Garrison Access . | . . Total Hacks . | . . Successful . | . . Failed . | . . Catastrophic . | . . Database Lockouts . | . . Manual . | . . Terminals . | . . Fabricators . | . . Repair Stations . | . . Recycling Units . | . . Scanalyzers . | . . Garrison Access . | . . Terminal Hacks . | . . Fabricator Hacks . | . . Repair Station Hacks . | . . Recycling Unit Hacks . | . . Scanalyzer . | . . Garrison Access Hacks . | . . Unauthorized Hacks . | . . Terminals . | . . Fabricators . | . . Repair Stations . | . . Recycling Units . | . . Scanalyzers . | . . Garrison Access . | . . Data Cores Recovered . | . . Used . | . . Hacking Detections . | . . Full Trace Events . | . . Feedback Events . | . . Feedback Blocked . | . . Robot Schematics Acquired . | . . Robots Built . | . . Authchips . | . . Time . | . . Total Robot Build Rating . | . . Part Schematics Acquired . | . . Parts Built . | . . Authchips . | . . Time . | . . Total Part Build Rating . | . . Parts Repaired . | . . Time . | . . Parts Recycled . | . . Recycled Matter . | . . Retrieved Matter . | . . Retrieved Components . | . . Parts Scanalyzed . | . . Part Schematics Acquired . | . . Parts Damaged . | . . Bothacking | -11 -10 ------------ Run | Scr Mat Used RIF Installer . | . . Robots Hacked . | . . Non-combat . | . . Combat . | . . Robot Hacks Applied . | . . Relay Couplers Released . | . . Fabnet Peak Effective % . | . . Robots Rewired . | . . Allies Hacked . | . . Hacks Repelled . | . . Allies | -11 -10 -------- Run | Scr Mat Total Allies . | . . Largest Group . | . . Highest-Rated Group . | . . Highest-Rated Ally . | . . Total Orders . | . . Ally Attacks . | . . Total Damage . | . . Kills . | . . Allies Corrupted . | . . Allies Melted . | . . Intel | -11 -10 ------- Run | Scr Mat Robot Analysis Total . | . . Derelict Logs Recovered . | . . Drone Launches . | . . Drone Recoveries . | . . Exploration | -11 -10 ------------- Run | Scr Mat Turns Passed 487 | 208 279 Spaces Moved 207 | 106 101 Core 207 | 106 101 Treads . | . . Legs . | . . Wheels . | . . Hover . | . . Flight . | . . Fastest Speed 50 | 50 100 Average Speed 182 | 178 187 Slowest Speed 350 | 200 350 Overloaded Moves . | . . Propulsion Burnouts . | . . Robots Hopped . | . . Cave-ins Triggered . | . . Exploration Rate (%) 16 | 6 26 Regions Visited 1 Branch Regions . Pre-discovered Areas . | . . Known Exits Taken . | . . Unknown Exits Taken 1 | 1 . Scrap Searched . | . . Spaces Dug . | . . Terrain Destroyed 13 | . 13 Melee . | . . Projectile . | . . AOE 13 | . 13 Terrain Rammed . | . . Walls Destroyed . | . . Machines Disabled . | . . Actions | -11 -10 --------- Run | Scr Mat Total 271 | 126 145 Wait 7 | 7 . Move 206 | 105 101 Hop . | . . Pick Up 13 | 8 5 Fast Attach . | . . Attach 11 | 6 5 Detach . | . . Swap 3 | . 3 Drop 4 | . 4 Fire 26 | . 26 Melee . | . . Ram 1 | . 1 Kick . | . . Crush . | . . Escape Stasis . | . . Rewire . | . . Trap . | . . Miscellaneous . | . . Route ------- -11/Scrapyard -10/Materials (discovered 1 exit: [*Min]) History --------- Turn | Location | Event 12 | -11/Scrapyard | Discovered new exit (range 14) 209 | -11/Scrapyard | Entered Materials 315 | -10/Materials | Build established: Mutant 462 | -10/Materials | Core integrity fell below 50% 473 | -10/Materials | Core integrity fell below 20% 482 | -10/Materials | Discovered new exit (range 13) 488 | -10/Materials | Destroyed by G-47 Trooper with Particle Gun Last Messages --------------- 00478_ U-05 Engineer lays Concrete. 00479_ K-01 Serf collects debris. 00479_ R-06 Scavenger collects Com. Wheel. 00480_ U-05 Engineer lays Concrete. 00480_ Lgt. Ion Engine destroyed. 00482_ U-05 Engineer lays Concrete. 00482_ K-01 Serf collects debris. 00482_ EXIT=FOUND 00483_ U-05 Engineer lays Concrete. 00483_ K-01 Serf collects debris. 00484_ U-05 Engineer lays Concrete. 00485_ R-06 Scavenger collects Sml. Laser. 00486_ U-05 Engineer lays Concrete. 00486_ K-01 Serf collects debris. 00487_ U-05 Engineer lays Concrete. 00487_ K-01 Serf collects debris. 00487_ K-01 Serf destroyed. 00488_ U-05 Engineer lays Concrete. 00488_ R-06 Scavenger collects Sml. Storage Unit. [Achievement: First Step to Greatness] Map ----- +----------------------------------------------------+ | ????######?###########?? ???????????????????????? | | ???##! ! ### """ #?? ???????????????????????? | | ???#! ## """ #??] ??????#????????????????? | | ???#! !## """ #?? ""?? #????????????????? | | ???# ## #?? ? #????????????????? | | ???# # = #?# [?????????????????? | | ???# / " " #?# " " ??????????????????? | | ???# # "Y" #?# "Y" ???????????????????? | | ???##### # """ ### """ ????????????????????? | | ######## ############ +##########??????????? | | # # #?##a ???????????? | | + + #?# ???????????????? | | # # *#?#!% r ???????????????????? | | # ########### = %#??????????????????????? | | ######## ########## #g #?#????????????????????? | | ??????# * #! ????????????????????? | | ??????# =%k# ?????????????????????? | | ??????# T % % % +??????????????????????? | | ??????# ###### g#############??????????? | | ??????# #????# u ?????????? | | ??????###+###??### ?????????? | | ???????? ????+ ?????????? | | ??????? ""????### ###########???????????? | | ?????? ""??????# ########???????????????? | | ?????"" ""??????# " =%= #?????????? | | ???? "T ???????# """ @# #?????????? | | ?????"" ??????+ # #?????????? | | ?????? ??????### +? #?????????? | | ??????##?????????###### #? #?????????? | | ??????????????????????# #??##########??????????? | | ?????????????????????? ??????????????????????? | | ?????????????????????# ??????????????????????? | | ?????????????????????# ??????????????????????? | | ?????????????????????#